Map: Old Republic LE

Players

Kaxolix - Winner!

  • Race: Terran Terran
  • Spawn Location: 7:00

A.I. 1 (Very Hard)

  • Race: Zerg Zerg
  • Spawn Location: 1:00

VOD

Have the link to the VOD?

Description

Time

  • Played on: May 2, 2026, 2:33 p.m.
  • Length: 14:41
Show
View Real Time Build Order
Export as new Build Order

Kaxolix Terran - Winner!

Build Orders: Reaper Expand 

Get SALT Encoding   

  12  0:00  SCV  
  13  0:12  SCV  
  14  0:17  Supply Depot  
  14  0:24  SCV  
  15  0:39  SCV  
  15  0:40  Barracks  
  16  0:51  SCV  
  16  0:54  Refinery  
  17  1:03  SCV  
  18  1:27  Orbital Command  
  18  1:33  Command Center  
  18  1:37  Reaper  
  19  1:47  Supply Depot  
  19  1:57  SCV  
  20  2:02  Barracks  
  20  2:09  SCV  
  21  2:29  SCV  
  22  2:32  Barracks Tech Lab  
  22  2:37  Factory  
  22  2:42  Refinery  
  22  2:43  SCV  
  23  2:44  Orbital Command  
  23  2:50  Supply Depot  
  23  2:51  Barracks Reactor  
  23  2:55  SCV  
  24  3:07  SCV  
  25  3:13  SCV  
  25  3:17  Marine  
  25  3:19  SCV  
  28  3:25  SCV  
  29  3:31  SCV  
  29  3:32  Marine x2  
  32  3:34  Stimpack  
  32  3:37  SCV, Engineering Bay  
  33  3:41  Engineering Bay  
  33  3:42  Factory Tech Lab  
  33  3:50  SCV x2  
  33  3:53  Factory  
  33  3:54  Refinery  
  33  3:55  Marine x2  
  35  3:58  Marauder  
  39  4:03  SCV x2  
  41  4:15  SCV x2  
  43  4:23  Marine x2  
  47  4:24  Marauder  
  47  4:26  Siege Tank  
  47  4:27  SCV x2  
  52  4:36  Starport  
  52  4:39  Terran Infantry Weapons Level 1, SCV x2  
  54  4:46  Refinery  
  54  4:51  Supply Depot  
  54  4:52  Supply Depot  
  54  5:08  Command Center  
  54  5:11  Supply Depot  
  54  5:13  SCV x2  
  56  5:15  Factory Tech Lab  
  56  5:16  Factory Reactor  
  56  5:18  Marine x2  
  56  5:19  Marauder  
  60  5:25  SCV x2  
  62  5:30  Armory x2  
  62  5:37  SCV x2  
  62  5:39  Armory  
  62  5:42  Supply Depot  
  64  5:49  SCV x2  
  66  5:55  Supply Depot x2  
  66  5:56  Terran Infantry Armor Level 1  
  66  6:01  Siege Tank, Widow Mine x2  
  66  6:02  Marine x3  
  76  6:05  Starport Reactor  
  76  6:11  SCV x2, Starport  
  78  6:29  SCV x2  
  80  6:50  Widow Mine x2  
  87  7:06  Marine x3  
  90  7:09  Starport Reactor  
  90  7:14  Siege Tank  
  90  7:15  Widow Mine x2  
  94  7:17  Terran Vehicle Weapons Level 1, Terran Vehicle And Ship Armor Level 1, Terran Ship Weapons Level 1  
  94  7:18  Terran Infantry Weapons Level 2  
  94  7:21  Medivac x2  
  98  7:24  Marine x3  
  101  8:02  SCV x2  
  104  8:06  Orbital Command  
  104  8:10  Barracks  
  104  8:12  Barracks  
  103  8:13  Refinery  
  103  8:15  Refinery  
  103  8:18  Supply Depot  
  103  8:19  Supply Depot  
  103  8:21  Supply Depot x2  
  103  8:23  Supply Depot x3  
  103  8:24  SCV x2  
  105  8:27  Thor  
  105  8:28  Widow Mine x2  
  114  8:36  SCV  
  115  8:46  Marine x3  
  115  8:48  Medivac x4  
  116  9:21  Marine x3  
  119  9:27  Barracks Reactor x2  
  119  9:35  Siege Tank  
  119  9:37  Widow Mine x2, Medivac x2  
  119  9:38  Medivac x2  
  134  9:44  Factory  
  134  9:47  Factory  
  134  10:04  Command Center  
  134  10:07  Supply Depot, Command Center  
  134  10:08  Siege Tank, Supply Depot x2  
  134  10:09  Supply Depot  
  134  10:11  Supply Depot  
  137  10:28  Widow Mine x2  
  141  10:40  Siege Tank  
  144  10:46  Marine x7  
  144  10:49  Widow Mine x2  
  155  10:51  Factory Tech Lab x2  
  155  11:03  Marine x2  
  160  11:22  Marine x2  
  160  11:23  Marine x5  
  173  11:29  Hellion x2, Siege Tank  
  173  11:30  Siege Tank x2  
  173  11:31  Medivac x4  
  185  11:35  Orbital Command  
  185  11:37  Orbital Command  
  185  11:45  Marine x4  
  185  11:46  Marine, Terran Infantry Armor Level 2, Terran Infantry Weapons Level 3  
  177  11:47  Terran Vehicle Weapons Level 2, Terran Vehicle And Ship Armor Level 2  
  166  12:02  Siege Tank  
  166  12:05  Marine  
  166  12:06  Marine x6  
  166  12:07  Siege Tank x2  
  166  12:08  Widow Mine x2  
  180  12:23  Marine  
  180  12:24  Marine x5  
  180  12:29  Widow Mine  
  182  12:34  Siege Tank  
  182  12:36  Marine  
  178  12:41  Marine  
  178  12:42  Marine  
  177  12:49  Barracks  
  177  12:50  Barracks  
  171  13:32  Marine  
  171  13:33  Marine x4  
  171  13:34  Marine x2  
  176  13:37  Thor x3  
  176  13:38  Hellion x2  
  199  13:50  Marine  
  200  14:16  Barracks Reactor x2, Marine  
  200  14:17  Marine  
Show
View Real Time Build Order
Export as new Build Order

A.I. 1 (Very Hard) Zerg 

Build Orders: Hatch First 

Get SALT Encoding   

  12  0:00  Drone  
  13  0:13  Overlord  
  13  0:16  Drone  
  14  0:31  Drone x2  
  14  0:34  Drone  
  17  0:53  Hatchery  
  17  0:54  Drone  
  17  1:10  Spawning Pool  
  17  1:11  Extractor  
  15  1:13  Drone  
  15  1:18  Drone  
  17  1:20  Drone  
  18  1:28  Drone  
  19  1:38  Overlord  
  19  1:49  Drone  
  20  1:58  Queen  
  20  2:00  Zergling x2  
  23  2:05  Drone  
  24  2:17  Queen  
  24  2:20  Extractor  
  25  2:23  Drone  
  25  2:26  Drone  
  25  2:29  Drone  
  27  2:32  Drone  
  27  2:35  Drone  
  29  2:46  Roach Warren  
  29  2:48  Drone  
  29  2:52  Drone  
  29  2:56  Zergling x2  
  32  2:58  Zergling x2  
  32  3:05  Overlord  
  32  3:08  Drone  
  32  3:11  Drone  
  38  3:27  Roach x2  
  38  3:28  Roach x2  
  42  3:36  Lair  
  42  3:41  Overlord  
  42  3:47  Overlord  
  42  3:49  Zergling x2  
  42  3:52  Zergling x2  
  44  3:59  Zergling x2, Drone x2  
  44  4:00  Drone  
  48  4:04  Drone  
  48  4:05  Drone  
  50  4:10  Overlord  
  50  4:15  Roach  
  52  4:18  Roach  
  52  4:21  Roach  
  56  4:25  Roach  
  56  4:28  Overlord  
  58  4:34  Drone  
  58  4:37  Drone, Hydralisk Den  
  59  4:39  Drone  
  59  4:42  Roach  
  59  4:45  Roach  
  64  4:48  Overlord  
  64  5:02  Drone  
  64  5:05  Drone  
  67  5:07  Drone, Hydralisk x2  
  67  5:08  Hydralisk, Drone  
  67  5:12  Hydralisk  
  76  5:16  Overlord  
  76  5:18  Drone  
  76  5:20  Drone  
  78  5:22  Drone  
  78  5:23  Drone  
  78  5:26  Drone  
  81  5:29  Drone  
  81  5:31  Drone x2  
  81  5:34  Drone  
  85  5:38  Overlord  
  85  5:39  Ravager, Hydralisk  
  88  5:43  Hydralisk, Ravager  
  91  5:51  Metabolic Boost  
  91  5:56  Roach  
  93  5:59  Overlord  
  93  6:00  Spire  
  93  6:03  Extractor  
  91  6:05  Drone  
  91  6:06  Extractor, Drone  
  92  6:19  Evolution Chamber, Drone  
  92  6:22  Evolution Chamber  
  92  6:23  Drone  
  92  6:26  Drone x3, Evolution Chamber, Overlord  
  92  6:27  Drone  
  92  6:28  Drone  
  92  6:29  Drone  
  96  6:34  Drone  
  97  6:43  Spine Crawler  
  97  6:45  Spine Crawler  
  97  6:47  Drone, Zerg Ground Armor Level 1  
  96  6:48  Zerg Missile Weapons Level 1  
  96  7:07  Mutalisk  
  96  7:08  Infestation Pit  
  97  7:09  Drone  
  98  7:16  Overseer  
  98  7:24  Spore Crawler, Drone, Mutalisk  
  98  7:26  Spore Crawler, Drone  
  98  7:28  Spine Crawler, Hatchery, Drone x2  
  100  7:34  Mutalisk, Overlord  
  102  7:43  Mutalisk  
  104  7:45  Infestor  
  106  7:53  Mutalisk  
  108  8:01  Mutalisk  
  108  8:02  Overlord  
  110  8:05  Spine Crawler  
  110  8:06  Drone  
  110  8:08  Zergling x2  
  110  8:11  Zerg Melee Weapons Level 1  
  111  8:19  Queen  
  111  8:20  Mutalisk  
  115  8:29  Mutalisk  
  115  8:30  Overlord  
  117  8:36  Queen  
  117  8:38  Mutalisk  
  117  8:41  Drone x4  
  123  8:42  Drone x4  
  123  8:43  Drone x4, Zergling x4  
  123  8:46  Drone  
  123  8:47  Extractor  
  133  8:49  Spine Crawler  
  133  8:50  Overlord  
  133  8:52  Drone  
  133  8:53  Extractor  
  133  8:54  Zergling x2, Drone x2  
  133  8:55  Baneling Nest  
  114  8:57  Zergling x2  
  114  9:00  Hydralisk  
  90  9:03  Drone  
  90  9:07  Hydralisk  
  93  9:11  Hydralisk  
  93  9:13  Roach x2, Drone  
  93  9:15  Roach  
  102  9:19  Roach  
  102  9:22  Hydralisk  
  106  9:24  Overseer  
  106  9:25  Zergling x4  
  106  9:26  Zergling x2, Drone  
  106  9:30  Drone  
  111  9:33  Drone  
  111  9:36  Drone  
  111  9:38  Baneling x4  
  113  9:39  Baneling  
  113  9:40  Baneling  
  113  9:41  Hydralisk, Ravager, Roach, Drone  
  113  9:42  Zergling x2  
  113  9:44  Zergling x2  
  121  9:48  Drone  
  121  9:50  Ravager  
  121  9:52  Roach  
  125  9:54  Drone  
  125  9:55  Hydralisk  
  125  9:56  Zergling x2  
  125  9:57  Overlord, Roach x2, Zergling x2  
  125  9:58  Roach  
  136  10:03  Baneling x2  
  136  10:04  Roach, Baneling x2  
  136  10:06  Zergling x2  
  139  10:09  Zergling x2  
  139  10:10  Mutalisk  
  139  10:11  Roach, Centrifugal Hooks  
  144  10:16  Overlord  
  144  10:17  Mutalisk  
  146  10:23  Mutalisk  
  148  10:29  Mutalisk  
  148  10:34  Overlord  
  148  10:35  Mutalisk  
  152  10:45  Zergling x2, Infestor  
  154  10:50  Spore Crawler  
  154  10:52  Spine Crawler, Overlord  
  154  10:53  Spine Crawler  
  151  10:58  Hive  
  151  11:10  Spine Crawler  
  150  11:12  Spore Crawler  
  150  11:14  Spine Crawler  
  150  11:16  Zerg Melee Weapons Level 2, Spore Crawler  
  147  11:25  Zerg Missile Weapons Level 2  
  147  11:28  Zergling x2  
  147  11:32  Spore Crawler  
  146  11:34  Spore Crawler  
  146  11:35  Baneling x2, Zergling x4  
  146  11:38  Spore Crawler, Hydralisk  
  145  11:40  Zergling x8, Spore Crawler  
  145  11:41  Zergling x2  
  145  11:42  Zergling x2  
  145  11:44  Zergling x2, Hydralisk, Roach x2  
  145  11:47  Roach  
  102  11:48  Baneling, Roach  
  102  11:49  Zergling x2, Baneling  
  102  11:50  Hydralisk  
  102  11:53  Hydralisk, Baneling  
  96  11:54  Baneling, Zergling x2  
  96  11:55  Roach  
  96  11:57  Roach  
  96  11:58  Roach  
  96  12:00  Roach, Zergling x2  
  104  12:02  Zergling x2, Hydralisk  
  104  12:03  Zergling x2  
  104  12:04  Zergling x2  
  104  12:05  Hydralisk, Zergling x2  
  104  12:06  Zergling x2  
  104  12:07  Zergling x2  
  105  12:08  Zergling x2  
  105  12:10  Viper, Overseer  
  99  12:18  Infestor  
  99  12:20  Roach  
  92  12:22  Roach  
  92  12:24  Hydralisk  
  92  12:26  Roach  
  92  12:28  Roach  
  92  12:29  Roach  
  91  12:30  Zergling x2  
  91  12:31  Roach, Zergling x2  
  91  12:33  Hydralisk  
  91  12:36  Hydralisk  
  91  12:39  Hydralisk  
  91  12:42  Drone  
  91  12:43  Drone  
  91  12:44  Drone  
  80  12:46  Drone  
  69  12:51  Zergling x2  
  69  12:56  Zergling x2  
  35  13:11  Drone  
  20  13:18  Drone  
  15  13:27  Drone  
Tags
 
Add a new tag
Caveats
  • Supply blocks, unpowered buildings, or Contaminate may cause inaccurate times.
  • Supply counts are checked every 10 seconds.